 Dungeon Crawl Stone Soup version 0.30-a0-802-gb92711bcdf (webtiles) character file.

Game seed: 7018320937751173727

1309 themarg the Spear-Bearer (level 8, -2/62 HPs)
             Began as a Merfolk Gladiator on Feb 24, 2023.
             Was an Initiate of Makhleb.
             Succumbed to Edmund's poison
             ... on level 5 of the Dungeon.
             The game lasted 00:12:39 (5298 turns).

themarg the Spear-Bearer (Merfolk Gladiator)        Turns: 5298, Time: 00:12:39

Health: -2/62      AC:  7    Str: 14    XL:     8   Next: 58%
Magic:  8/8        EV: 14    Int:  7    God:    Makhleb [......]
Gold:   278        SH:  0    Dex: 18    Spells: 7/7 levels left

rFire   + . .      SeeInvis .    a - +0 trident
rCold   . . .      Faith    .    (no shield)
rNeg    . . .      Spirit   .    b - +0 leather armour
rPois   .          Reflect  .    c - +0 helmet
rElec   .          Harm     .    (no cloak)
rCorr   .          Rampage  .    g - +2 pair of gloves
Will    +....                    (no boots)
Stlth   ++                       (no amulet)
HPRegen 0.30/turn                p - ring of willpower
MPRegen 0.11/turn                t - ring of protection from fire

@: lethally poisoned (-2 -> -13)
A: (nimble swimmer 2), mertail
a: Renounce Religion


You were on level 5 of the Dungeon.
You worshipped Makhleb.
Makhleb was noncommittal.
You visited 2 branches of the dungeon, and saw 7 of its levels.

You collected 278 gold pieces.

Inventory:

Hand Weapons
 a - a +0 trident (weapon)
 u - a +1 dagger of protection
 C - a +0 morningstar
Missiles
 d - 3 throwing nets
 e - a javelin
 l - 29 stones
 w - a poisoned dart (quivered)
Armour
 b - a +0 leather armour (worn)
 c - a +0 helmet (worn)
 g - a +2 pair of gloves (worn)
 D - the +3 ring mail of Hubris {Dex+3}
   (You found it on level 5 of the Dungeon)

   Dex:       It affects your dexterity (+3).
Jewellery
 p - a ring of willpower (left hand)
 r - a ring of willpower
 t - a ring of protection from fire (right hand)
 v - a ring of willpower
Scrolls
 f - a scroll of torment {unknown}
 h - 2 scrolls of fog {unknown}
 i - 4 scrolls of identify
 j - a scroll of teleportation
 k - a scroll of magic mapping {unknown}
 m - a scroll of summoning {unknown}
 s - 3 scrolls of immolation {unknown}
 y - a scroll of fear {unknown}
 B - a scroll of enchant weapon {unknown}
Potions
 n - a potion of invisibility {unknown}
 o - a potion of haste {unknown}
 q - a potion of heal wounds
 x - a potion of brilliance {unknown}
 z - 2 potions of might {unknown}
 A - a potion of lignification {unknown}


   Skills:
 - Level 5.0 Fighting
 - Level 12.0 Polearms
 + Level 2.3 Throwing
 - Level 5.0 Dodging
 * Level 1.7 Stealth


You had 7 spell levels left.
You didn't know any spells.
Your spell library contained the following spells:

 Spells                   Type           Power      Damage    Failure   Level
 Apportation              Tloc           0%         N/A       52%         1
 Necrotise                Necr           0%         1d4       52%         1
 Cigotuvi's Dreadful Rot  Necr/Pois/Air  0%         N/A       65%         2
 Ignite Poison            Fire/Tmut/Pois 0%         N/A       87%         3
 Kindle Blastsparks       Fire/Tloc/Air  0%         2d10      87%         3
 Vampiric Draining        Necr           0%         2d6       87%         3
 Cause Fear               Hex            0%         N/A       99%         4
 Dispel Undead            Necr           0%         3d6       99%         4
 Agony                    Necr           0%         N/A       100%        5
 Alistair's Intoxication  Tmut/Pois      0%         N/A       100%        5
 Freezing Cloud           Conj/Ice/Air   0%         6-21      100%        5
 Death Channel            Necr           0%         N/A       100%        6
 Dragon Form              Tmut           0%         N/A       100%        7
 Dragon's Call            Summ           0%         N/A       100%        9


Dungeon Overview and Level Annotations

Branches:
Dungeon (6/15)             Temple (1/1) D:5

Altars:
Ashenzari
Cheibriados
Dithmenos
Elyvilon
Fedhas
Gozag
Hepliaklqana
Kikubaaqudgha
Makhleb
Nemelex Xobeh
Trog
Uskayaw
Wu Jian
Xom
Zin
The Shining One

Shops:
D:3 *

Annotations:
D:5 Edmund
D:6 1 transporter, exclusion: 2 jellies


Innate Abilities, Weirdness & Mutations

((You are very nimble when in or above water. (Stealth+, EV+, Speed+++)))
Your lower body shifts to a powerful aquatic tail in water.


Message History

You are poisoned.
The orc throws a boomerang.
The boomerang barely misses you.
You hit Edmund.
Edmund is moderately wounded.
You feel very sick.
Edmund hits you with a +3 dire flail of venom!
As you read the scroll of teleportation, it crumbles to dust.
You feel strangely unstable.
You feel very sick. Edmund closely misses you.
You hit Edmund.
Edmund is moderately wounded.
You feel sick.
You hit Edmund but do no damage.
Edmund is moderately wounded.
You feel sick.
Edmund hits you with a +3 dire flail of venom.
* * * LOW HITPOINT WARNING * * *
You are more poisoned.
You hit Edmund but do no damage.
Edmund is moderately wounded.
You feel sick.
Edmund says, "A flail is better than a scythe, any day of the week!"
Edmund hits you with a +3 dire flail of venom.
* * * LOW HITPOINT WARNING * * *
You are more poisoned.
You hit Edmund.
Edmund is heavily wounded.
* * * LOW HITPOINT WARNING * * *
You feel very sick.
You hit Edmund.
Edmund is heavily wounded.
Your surroundings suddenly seem different.
An ogre comes into view. It is wielding a +0 giant spiked club.
* * * LOW HITPOINT WARNING * * *
You feel very sick.
Found a ring mail.
* * * LOW HITPOINT WARNING * * *
You feel very sick.
You die...

...........#....
.. ..
........###. .
..........
#.......
#......#
#......##
[#...O...# #
..........#.###
.........@....#
.............##
..........####
..........#
.........##
.........#
........#
......#


You could see an ogre.

Vanquished Creatures
  Eustachio (D:5)
  A black bear (D:5)
  3 ice beasts
  An ogre (D:4)
  A centaur (D:5)
  2 scorpions
  A howler monkey (D:4)
  4 hounds
  An orc priest (D:6)
  2 iguanas
  8 adders
  8 gnolls
  A white imp (D:4)
  A worm (D:3)
  3 dart slugs
  11 orcs
  2 ball pythons
  5 bats
  9 endoplasms
  8 giant cockroaches
  7 goblins
  9 hobgoblins
  6 jackals
  8 kobolds
  2 quokkas
  3 frilled lizards
  6 rats
114 creatures vanquished.

Vanquished Creatures (others)
  A plant (D:1)
1 creature vanquished.

Grand Total: 115 creatures vanquished

Notes
Turn   | Place    | Note
-------+----------+-------------------------------------------
     0 | D:1      | themarg the Merfolk Gladiator began the quest for the Orb.
     0 | D:1      | Reached XP level 1. HP: 16/16 MP: 1/1
    39 | D:1      | Reached XP level 2. HP: 7/23 MP: 2/2
   383 | D:1      | Reached XP level 3. HP: 28/28 MP: 3/3
   521 | D:1      | You fall into a shaft and drop 1 floor!
   575 | D:1      | Reached skill level 5 in Polearms
   916 | D:2      | Reached XP level 4. HP: 24/34 MP: 4/4
  1400 | D:2      | Reached skill level 5 in Dodging
  1808 | D:3      | Reached skill level 6 in Polearms
  1808 | D:3      | Reached XP level 5. HP: 35/41 MP: 5/5
  2576 | D:3      | Found Wydah's Assorted Antiques.
  2733 | D:4      | Reached skill level 7 in Polearms
  2733 | D:4      | Reached XP level 6. HP: 16/48 MP: 6/6
  3375 | D:4      | HP: 2/49 [ogre/+0 giant club (7)]
  3380 | D:4      | Reached skill level 8 in Polearms
  3380 | D:4      | Reached XP level 7. HP: 4/55 MP: 7/7
  3810 | D:5      | Entered Level 5 of the Dungeon
  3948 | D:5      | Noticed Eustachio
  4033 | D:5      | Reached skill level 5 in Fighting
  4164 | D:5      | Killed Eustachio
  4165 | D:5      | Reached skill level 9 in Polearms
  4318 | D:5      | Reached skill level 10 in Polearms
  4427 | D:5      | Noticed Edmund
  4640 | D:6      | Reached XP level 8. HP: 62/62 MP: 8/8
  4878 | D:6      | Found a transporter.
  4933 | D:5      | Reached skill level 11 in Polearms
  5141 | D:5      | Identified the +3 ring mail of Hubris {Dex+3}
  5166 | D:5      | Reached skill level 12 in Polearms
  5166 | D:5      | Reached skill level 1 in Stealth
  5174 | D:5      | Found a staircase to the Ecumenical Temple.
  5183 | Temple   | Entered the Ecumenical Temple
  5266 | Temple   | Became a worshipper of Makhleb the Destroyer
  5296 | D:5      | HP: 3/62 [poisoned by Edmund]
  5297 | D:5      | HP: 1/62 [poisoned by Edmund]
  5298 | D:5      | Succumbed to Edmund's poison

Illustrated notes

Levels and vault maps discovered:
D:1:      psy_arrival_dodecagon, layout_rooms, serial_forest,
          infiniplex_forest_end_2, infiniplex_forest_clump_double,
          infiniplex_forest_side_room, infiniplex_forest_end_2,
          infiniplex_forest_end_2, infiniplex_forest_straight_2
D:2:      layout_basic
D:3:      layout_basic, serial_shops, nicolae_shop_stone
D:4:      layout_basic, amcnicky_mini_corridor_feature, kennysheep_minor_cross,
          hangedman_decor_peaks_small, minmay_ruptured
D:5:      layout_cave_pools, nicolae_overflow_hidden_temple,
          minmay_temple_entry_glassed_door, serial_gnoll_camp,
          gnoll_camp_mini_house, gnoll_camp_mini_shop, gnoll_camp_mini_shop,
          gnoll_camp_mini_house, gnoll_camp_mini_hut, minmay_pentangle,
          uniq_edmund, uniq_eustachio
D:6:      gammafunk_wand_slinger, layout_cave_pods, serial_park,
          serial_park_square1 [serial_park_minivault_5x5_1],
          serial_park_tiny_pond, serial_park_tiny_pond, serial_park_tiny_pond,
          chequers_serial_rivers_room_b, minmay_fractal_squares_5
Temple:   nicolae_temple_superstar

Skill      XL: |  1  2  3  4  5  6  7  8 |
---------------+-------------------------+-----
Polearms       | 5 6 7 8 10 12 | 12.0
Fighting       | 3 4 5 |  5.0
Dodging        | 5 |  5.0
Stealth        | 1 |  1.7
Throwing       | |  2.3

Action                     |  1- 3 |  4- 6 |  7- 9 || total
---------------------------+-------+-------+-------++-------
  Melee: Trident           |   122 |   211 |   179 ||   512
         Punch             |     2 |     2 |     3 ||     7
         Tailslap          |       |       |     6 ||     6
  Throw: Dart              |       |     1 |     4 ||     5
    Use: Potion            |     2 |       |     2 ||     4
         Scroll            |       |       |     3 ||     3
   Stab: Sleeping          |     2 |     5 |     1 ||     8
 Armour: Leather armour    |    35 |    47 |    39 ||   121
  Dodge: Dodged            |    95 |   106 |   145 ||   346

Table legend: (Time is in decaauts)
 A = Elapsed time spent in this place.
 B = Non-inter-level travel time spent in this place.
 C = Inter-level travel time spent in this place.
 D = Time resting spent in this place.
 E = Time spent auto-exploring this place.
 F = Levels seen in this place.
 G = Mean time per level.
                   A        B        C        D        E       F      G
               +--------+--------+--------+--------+--------+-----+--------+
         Total |   5261 |   5098 |    163 |    876 |   3046 |   7 |  751.6 |
       Dungeon |   5170 |   5007 |    163 |    876 |   3046 |   6 |  861.7 |
        Temple |     90 |     90 |      0 |      0 |      0 |   1 |   90.0 |
               +--------+--------+--------+--------+--------+-----+--------+

Top non-repeatable levels by time:
     D:4: 1408 daAuts
     D:3: 1103 daAuts
     D:1: 911 daAuts
     D:2: 803 daAuts
     D:5: 508 daAuts
     D:6: 435 daAuts
  Temple: 90 daAuts
